 Dungeon Crawl Stone Soup version 0.32-a0-685-g93135e86f0 (webtiles) character file.

Game seed: 17781419447151553505

15355 octoduck the Grappler (level 12, -25/110 HPs)
             Began as a Troll Fighter on Mar 11, 2024.
             Was a Priest of Wu Jian.
             Annihilated by an anaconda simulacrum (32 damage)
             ... in an ice cave on Mar 12, 2024.
             The game lasted 00:50:48 (10938 turns).

octoduck the Grappler (Troll Fighter)              Turns: 10938, Time: 00:50:49

Health: -25/110    AC:  5    Str: 27    XL:     12   Next: 0%
Magic:  11/11      EV:  5    Int:  4    God:    Wu Jian [***...]
Gold:   121        SH: 10    Dex: 13    Spells: 11/11 levels left

rFire   . .          .
                       - Unarmed
rCold   . . .        b - +0 kite shield
rNeg    . . .        c - +0 robe {Will+}
rPois   +            (helmet restricted)
rElec   .            x - +0 cloak
rCorr   .            (gloves unavailable)
SInv    .            (boots unavailable)
Will    +....        p - amulet of the acrobat
Stlth   +            R - ring of poison resistance
HPRegen 1.18/turn    A - +5 ring of evasion
MPRegen 0.12/turn

%: acrobat
@: constricted
A: large, unfitting armour, claws 3, regeneration 1, shaggy fur 1, tough skin 1
a: Renounce Religion, Wall Jump, Serpent's Lash


You were in an ice cave.
You worshipped Wu Jian.
Wu Jian was most pleased with you.
You visited 3 branches of the dungeon, and saw 13 of its levels.
You also visited: Bailey and Ice Cave.

You collected 645 gold pieces.
You spent 524 gold pieces at shops.

Inventory:

Hand Weapons
 k - the +8 sling of Wisdom {drain, rF+ Str+2}
   (You found it on level 2 of the Dungeon)

   Str+2:     It affects your strength (+2).
   rF+:       It protects you from fire.
Missiles
 C - a curare-tipped dart (quivered)
 F - 4 large rocks
 N - 2 throwing nets
 X - 2 javelins
Armour
 a - a +0 robe
 b - a +0 kite shield (worn)
 c - a +0 robe of willpower (worn)
 x - a +0 cloak (worn)
 T - +0 acid dragon scales
 Z - the +2 robe "Acenn" {*Corrode rElec Int+4}
   (You bought it in a shop on level 8 of the Dungeon)

   Int+4:     It affects your intelligence (+4).
   rElec:     It insulates you from electricity.
   *Corrode:  It may corrode you when you take damage.
Jewellery
 o - a ring of wizardry
 p - an amulet of the acrobat (around neck)
 v - an amulet of faith
 A - a +5 ring of evasion (right claw)
 M - a ring of see invisible
 R - a ring of poison resistance (left claw)
 U - a +6 ring of strength
 W - a ring of protection from fire
Wands
 H - a wand of paralysis (5)
 K - a wand of polymorph (12)
 P - a wand of light (2)
 Y - a wand of flame (7)
Scrolls
 g - 3 scrolls of amnesia
 h - 2 scrolls of immolation
 i - 2 scrolls of fog
 l - 2 scrolls of poison {unknown}
 m - a scroll of acquirement {unknown}
 q - 2 scrolls of enchant armour
 r - 2 scrolls of revelation
 t - a scroll of butterflies {unknown}
 y - 2 scrolls of fear {unknown}
 B - 2 scrolls of teleportation
 O - a scroll of enchant weapon {unknown}
 Q - a scroll of noise {unknown}
Potions
 d - 4 potions of heal wounds
 e - 4 potions of mutation
 f - 2 potions of berserk rage
 j - 4 potions of enlightenment
 s - 5 potions of cancellation
 u - a potion of ambrosia {unknown}
 w - 2 potions of magic {unknown}
 z - 2 potions of brilliance
 D - 2 potions of resistance {unknown}
 E - a potion of attraction
 G - 4 potions of haste {unknown}
 I - 4 potions of might
 J - 2 potions of invisibility {unknown}
 L - 2 potions of curing {unknown}
 S - 2 potions of degeneration {unknown}


   Skills:
 + Level 4.8 Fighting
 - Level 8.8 Throwing
 + Level 4.7 Dodging
 - Level 8.4 Shields
 + Level 13.4 Unarmed Combat


You had 11 spell levels left.
You didn't know any spells.
Your spell library contained the following spells:

 Spells                   Type           Power      Damage    Failure   Level
 Kiss of Death            Conj/Necr      0%         2d5       69%         1
 Sandblast                Erth           0%         2d4       69%         1
 Lesser Beckoning         Tloc           0%         N/A       83%         2
 Confusing Touch          Hex            0%         N/A       96%         3
 Gell's Gravitas          Tloc           0%         N/A       96%         3
 Stone Arrow              Conj/Erth      0%         3d7       96%         3
 Teleport Other           Tloc           0%         N/A       96%         3
 Brom's Barrelling Bould  Conj/Erth      0%         2d3       100%        4
 Dispel Undead            Necr           0%         3d6       100%        4


Dungeon Overview and Level Annotations

Branches:
Dungeon (11/15)            Temple (1/1) D:7            Lair (1/5) D:10
 Bailey (visited)           IceCv (1/1)
    Orc: D:9-12

Altars:
Ashenzari
Cheibriados
Dithmenos
Elyvilon
Fedhas
Gozag
Hepliaklqana
Kikubaaqudgha
Makhleb
Nemelex Xobeh
Okawaru
Qazlal
Ru
Sif Muna
Trog
Uskayaw
Vehumet
Wu Jian
Xom
Yredelemnul
Zin
The Shining One

Shops:
D:1 (   D:5 =?(   D:8 [


Innate Abilities, Weirdness & Mutations

You are too large for most types of armour.
You have claws for hands.
Your natural rate of healing is unusually fast.
You are covered in fur. (AC +1)
You have tough skin. (AC +1)


Message History

You claw the ice devil!
You kill the ice devil!
The Council accepts your kill.
You have reached level 12!
You feel stronger.
You start resting.
HP restored.
Found a stone.
Found a scale mail of cold resistance and a helmet.
You now have enough gold to buy a scroll of silence on D:5.
You can access your shopping list by pressing '$'.
You now have 121 gold pieces (gained 25). 8 simulacra and 4 ice devils come into view.
Found an ancient bone altar of Kikubaaqudgha.
The anaconda simulacrum attacks as it pursues you!
You block the anaconda simulacrum's attack. x3
The anaconda simulacrum misses you.
You claw the anaconda simulacrum!
The anaconda simulacrum is moderately damaged.
You block the anaconda simulacrum's attack.
The anaconda simulacrum bites you! The anaconda simulacrum freezes you!!
The anaconda simulacrum completely misses you. x2
You barely miss the anaconda simulacrum.
The anaconda simulacrum is moderately damaged.
The anaconda simulacrum barely misses you.
The anaconda simulacrum misses you.
The anaconda simulacrum closely misses you.
You block the anaconda simulacrum's attack.
The anaconda simulacrum grabs you. The anaconda simulacrum bites you!
The anaconda simulacrum freezes you! The anaconda simulacrum constricts you.
The anaconda simulacrum bites you but does no damage.
The anaconda simulacrum's grasp on you weakens, but your attempt to escape fails.
The anaconda simulacrum bites you. The anaconda simulacrum freezes you!!
* * * LOW HITPOINT WARNING * * *
The anaconda simulacrum constricts you.
* * * LOW HITPOINT WARNING * * *
The anaconda simulacrum bites you!
* * * LOW HITPOINT WARNING * * *
The anaconda simulacrum freezes you!!
You die...

#.......###..##
######..#
#........###..#
##..## ##.......#
#..## ##...#
##......# ##..#
##...## #......##
##.####...##
##..ß#..##
#..##...##
#(.###..####..#..##
#[[# ##..# #.....#
######@.## ##...##
##ZZ### #####
#.4##.## #..#...##
#.4#..4.#
##...#...ZZ. ##..#
Z4Z4. #### ...Z .4.


You could see 2 ice devils and 2 anaconda simulacra.

Vanquished Creatures
  A two-headed ogre (D:9)
  An orc knight (Bailey)
  A black mamba (Lair:1)
  A cane toad (Lair:1)
  2 freezing wraiths (IceCv)
  A kobold demonologist (D:10)
  A komodo dragon (Lair:1)
  2 ice devils (IceCv)
  A hornet (D:9)
  Grinder (D:5)
  Sigmund (D:7)
  A shadow (D:10)
  A wyvern (D:8)
  A dire elephant simulacrum (IceCv)
  6 yaks
  A death yak simulacrum (IceCv)
  Edmund (D:7)
  2 water moccasins
  2 hydra simulacra (IceCv)
  An acid dragon (D:10)
  3 ice beasts
  2 orc warriors
  3 wolves (Lair:1)
  An ogre (D:2)
  5 centaurs
  A phantom (D:7)
  A kobold brigand (D:6)
  A bullfrog (D:9)
  2 scorpions
  2 two-headed ogre simulacra (IceCv)
  4 cane toad simulacra (IceCv)
  17 wights
  17 killer bees
  3 howler monkeys
  3 hounds
  3 bombardier beetles
  A jelly (D:6)
  7 orc priests
  4 iguanas
  A gnoll bouda (D:5)
  6 orc wizards
  A troll simulacrum (IceCv)
  A polar bear simulacrum (IceCv)
  3 wolf simulacra (IceCv)
  18 gnolls
  6 adders
  2 naga simulacra (IceCv)
  A shadow imp (D:6)
  2 white imps (D:5)
  An ufetubus (IceCv)
  4 dart slugs
  2 ribbon worms
  29 orcs
  6 bats
  10 endoplasms
  5 giant cockroaches
  8 goblins
  9 hobgoblins
  3 quokkas
  6 ball pythons
  2 frilled lizards (D:1)
  20 kobolds
  8 rats
263 creatures vanquished.

Notes
Turn   | Place    | Note
-------+----------+-------------------------------------------
     0 | D:1      | octoduck the Troll Fighter began the quest for the Orb.
     0 | D:1      | Reached XP level 1. HP: 22/22 MP: 0/0
    27 | D:1      | Found Kegommeu's Weapon Shop.
    89 | D:1      | Reached XP level 2. HP: 29/29 MP: 1/1
   494 | D:1      | Reached XP level 3. HP: 36/36 MP: 2/2
   633 | D:1      | You fall into a shaft and drop 1 floor!
   658 | D:2      | Identified the +8 sling of Wisdom {drain, rF+ Str+2}
   838 | D:2      | Upgraded the game from 0.32-a0-673-g3729bd50f8 to
                  | 0.32-a0-675-gdc239d62e1
  1112 | D:2      | Reached skill level 3 in Unarmed Combat
  1280 | D:2      | Noticed an ogre
  1850 | D:3      | Found an ancient bone altar of Kikubaaqudgha.
  1868 | D:3      | Reached XP level 4. HP: 44/44 MP: 3/3
  2090 | D:3      | Found a white marble altar of Elyvilon.
  2091 | D:3      | Found a shimmering altar of Xom.
  2451 | D:4      | Noticed a scorpion
  2516 | D:4      | Reached XP level 5. HP: 51/53 MP: 4/4
  2548 | D:4      | Reached skill level 4 in Unarmed Combat
  2699 | D:4      | Reached XP level 6. HP: 52/61 MP: 5/5
  2756 | D:4      | Reached skill level 5 in Unarmed Combat
  3163 | D:5      | Entered Level 5 of the Dungeon
  3522 | D:5      | Reached XP level 7. HP: 67/67 MP: 6/6
  3536 | D:5      | Found Zypt's Magic Scroll Shoppe.
  3542 | D:5      | Bought a scroll of identify for 24 gold pieces
  3542 | D:5      | Bought a scroll of teleportation for 36 gold pieces
  3559 | D:5      | Noticed Grinder
  3561 | D:5      | Paralysed by Grinder for 4 turns
  3569 | D:5      | Killed Grinder
  3570 | D:5      | Reached skill level 6 in Unarmed Combat
  3593 | D:5      | Found Uthyiclu's Antique Weapon Boutique.
  3709 | D:5      | Reached skill level 5 in Shields
  3727 | D:5      | Found a blossoming altar of Fedhas.
  3829 | D:5      | Reached skill level 7 in Unarmed Combat
  3889 | D:5      | Found Qeumi's Jewellery Boutique.
  3999 | D:6      | Reached XP level 8. HP: 73/75 MP: 7/7
  4229 | D:6      | Reached skill level 8 in Unarmed Combat
  4817 | D:7      | Found a staircase to the Ecumenical Temple.
  4836 | Temple   | Entered the Ecumenical Temple
  4857 | Temple   | Became a worshipper of the Wu Jian Council
  4917 | D:7      | Reached skill level 9 in Unarmed Combat
  4985 | D:7      | Reached XP level 9. HP: 78/81 MP: 8/8
  5008 | D:7      | Noticed Edmund
  5009 | D:7      | Noticed Sigmund
  5029 | D:7      | Killed Edmund
  5034 | D:7      | Killed Sigmund
  5035 | D:7      | Reached skill level 10 in Unarmed Combat
  5443 | D:8      | Found a flagged portal.
  5515 | Bailey   | Entered a bailey
  5613 | Bailey   | Reached * piety under Wu Jian
  5710 | Bailey   | Noticed an orc knight
  5756 | Bailey   | Killed an orc knight
  5757 | Bailey   | Reached skill level 11 in Unarmed Combat
  5946 | D:8      | Found a sparkling altar of Nemelex Xobeh.
  5991 | D:8      | Found Jeum's Antique Armour Boutique.
  6297 | D:8      | Reached XP level 10. HP: 87/91 MP: 9/9
  6421 | D:8      | Upgraded the game from 0.32-a0-675-gdc239d62e1 to
                  | 0.32-a0-685-g93135e86f0
  6495 | D:9      | Reached skill level 12 in Unarmed Combat
  6799 | D:9      | Noticed a two-headed ogre
  7055 | D:2      | Reached XP level 11. HP: 97/97 MP: 10/10
  7143 | D:5      | Bought a scroll of revelation for 90 gold pieces
  7383 | D:9      | Reached ** piety under Wu Jian
  7492 | D:9      | Killed a two-headed ogre
  7713 | D:9      | Found a glowing silver altar of Zin.
  7713 | D:9      | Found an opulent altar of Gozag.
  7920 | D:10     | Entered Level 10 of the Dungeon
  8419 | D:10     | Found a staircase to the Lair.
  8570 | D:5      | Bought a ring of poison resistance for 260 gold pieces
  8715 | D:10     | Found a hazy altar of Hepliaklqana.
  9891 | D:11     | Noticed a white ugly thing
 10025 | D:8      | Bought a crude robe for 114 gold pieces
 10025 | D:8      | Identified the +2 robe "Acenn" {*Corrode rElec Int+4} (You
                  | bought it in a shop on level 8 of the Dungeon)
 10100 | Lair:1   | Entered Level 1 of the Lair of Beasts
 10134 | Lair:1   | Reached skill level 13 in Unarmed Combat
 10240 | Lair:1   | Found a frozen archway.
 10253 | IceCv    | Entered an ice cave
 10623 | IceCv    | Reached *** piety under Wu Jian
 10857 | IceCv    | Reached XP level 12. HP: 73/110 MP: 11/11
 10929 | IceCv    | Found an ancient bone altar of Kikubaaqudgha.
 10938 | IceCv    | Annihilated by an anaconda simulacrum

Illustrated notes

Levels and vault maps discovered:
D:1:      lightli_arrival_maybe_door_vault, layout_basic, serial_shops, shop,
          serial_aquarium, aquarium_bridge_island_small
          [aquarium_subvault_small_open, aquarium_subvault_bridge,
          aquarium_subvault_bridge, aquarium_subvault_wall,
          aquarium_subvault_wall], aquarium_bridge_straight
          [aquarium_subvault_bridge, aquarium_subvault_wall,
          aquarium_subvault_bridge, aquarium_subvault_wall], aquarium_window_1,
          aquarium_window_corridor_1, aquarium_view_2b, aquarium_balcony_3b,
          aquarium_pool_four, nicolae_the_louvre
D:2:      layout_loops_ring, serial_forest, infiniplex_forest_straight_3,
          infiniplex_forest_clump_curved, infiniplex_forest_clump_double,
          infiniplex_forest_end_2, infiniplex_forest_lined_corner,
          infiniplex_forest_lined_2, infiniplex_forest_straight_2
D:3:      layout_basic, kiku_gazebo_garden_becter,
          mainiacjoe_overflow_divided_tiny, st_stairs_8
D:4:      layout_cave_pools
D:5:      layout_cave_pools, marbit_many_paths, serial_shops,
          nicolae_shop_rolling_square, shop, shop, hangedman_decor_riveting,
          uniq_grinder
D:6:      layout_rooms
D:7:      layout_rooms, minmay_temple_entry_drinking_statues,
          sigmund_edmund_badplayer
D:8:      layout_basic, general_overflow_altar, enter_bailey_6, serial_shops,
          shop
D:9:      layout_loops_ring, grunt_temple_overflow_gold_and_silver,
          nicolae_letterblocks [nicolae_letter_subblock,
          nicolae_letter_subblock, nicolae_letter_subblock,
          nicolae_letter_subblock, nicolae_letter_subblock,
          nicolae_letter_subblock, nicolae_letter_subblock,
          nicolae_letter_subblock, nicolae_letter_subblock,
          nicolae_letter_subblock, nicolae_letter_subblock,
          nicolae_letter_subblock, nicolae_letter_subblock,
          nicolae_letter_subblock, nicolae_letter_subblock,
          nicolae_letter_subblock, nicolae_letter_subblock,
          nicolae_letter_subblock, nicolae_letter_subblock,
          nicolae_letter_subblock, nicolae_letter_subblock,
          nicolae_letter_subblock, nicolae_letter_subblock,
          nicolae_letter_subblock, nicolae_letter_subblock]
D:10:     layout_layer_cave, mainiacjoe_overflow_alcove_2, lair_entry_dummy,
          minmay_gold_behind_fungi
D:11:     layout_irregular_city, minmay_orc_entry_guard_dogs,
          roadster_capsule_ark_zombie, uniq_snorg, uniq_gastronok, uniq_erolcha
Temple:   dpeg_chambers_temple
Lair:1:   layout_chaotic_city, portal_ice_cave_entry_pillars_2, uniq_sonja
IceCv:    ice_cave_small_necro

Skill      XL: |  1  2  3  4  5  6  7  8  9 10 11 |
---------------+----------------------------------+-----
Shields        | 3 4 5 6 8 |  8.4
Unarmed Combat | 3 4 5 7 9 11 12 13 | 13.4
Fighting       | 3 4 |  4.8
Throwing       | 8 |  8.8
Dodging        | 4 |  4.7

Action                     |  1- 3 |  4- 6 |  7- 9 | 10-12 || total
---------------------------+-------+-------+-------+-------++-------
  Melee: Unarmed           |   126 |   136 |   259 |   244 ||   765
  Throw: Large rock        |       |       |       |     4 ||     4
Ability: Lunge             |       |       |    30 |    38 ||    68
         Whirlwind         |       |       |       |    11 ||    11
  Evoke: Wand              |       |       |       |     2 ||     2
    Use: Scroll            |     3 |     2 |     5 |     2 ||    12
         Potion            |       |       |     7 |     2 ||     9
   Stab: Sleeping          |     2 |     1 |    10 |     1 ||    14
         Distracted        |       |       |       |     1 ||     1
         Invisible         |       |       |       |     1 ||     1
 Armour: Robe              |    65 |    57 |   111 |   111 ||   344
  Dodge: Dodged            |    34 |    46 |   102 |   120 ||   302
  Block: Kite shield       |    48 |    57 |   112 |   143 ||   360

Table legend: (Time is in decaauts)
 A = Elapsed time spent in this place.
 B = Non-inter-level travel time spent in this place.
 C = Inter-level travel time spent in this place.
 D = Time resting spent in this place.
 E = Time spent auto-exploring this place.
 F = Levels seen in this place.
 G = Mean time per level.
                   A        B        C        D        E       F      G
               +--------+--------+--------+--------+--------+-----+--------+
         Total |  10939 |   9754 |   1185 |   1480 |   5129 |  15 |  729.3 |
       Dungeon |   9706 |   8561 |   1145 |   1133 |   4941 |  11 |  882.4 |
        Temple |     42 |      2 |     40 |      0 |      0 |   1 |   42.0 |
          Lair |    149 |    149 |      0 |     52 |      0 |   1 |  149.0 |
        Bailey |    360 |    360 |      0 |      5 |     74 |   1 |  360.0 |
      Ice Cave |    681 |    681 |      0 |    290 |    114 |   1 |  681.0 |
               +--------+--------+--------+--------+--------+-----+--------+

Top non-repeatable levels by time:
    D:10: 1811 daAuts
     D:9: 1210 daAuts
     D:2: 1013 daAuts
     D:4: 862 daAuts
     D:3: 854 daAuts
     D:8: 844 daAuts
     D:6: 824 daAuts
     D:1: 816 daAuts
     D:5: 766 daAuts
     D:7: 700 daAuts
   IceCv: 681 daAuts
  Bailey: 360 daAuts
  Lair:1: 149 daAuts
  Temple: 42 daAuts
    D:11: 1 daAuts
